 Dungeon Crawl Stone Soup version 0.21-a0-113-g6841d05 (webtiles) character file.

446 wazuzu the Sneak (level 7, -6/32 HPs)
             Began as a Vine Stalker Enchanter on July 12, 2017.
             Killed by nerve-wracking pain
             ... invoked by Grinder
              (12 damage)
             ... on level 4 of the Dungeon.
             The game lasted 00:09:31 (2882 turns).

wazuzu the Sneak (Vine Stalker Enchanter)           Turns: 2882, Time: 00:09:31

Health: -6/32      AC:  3    Str: 10    XL:     7   Next: 3%
Magic:  0/11       EV: 12    Int: 17    God:
Gold:   146        SH:  0    Dex: 15    Spells: 6/10 levels left

rFire    . . .     SeeInvis .   l - +2 dagger (drain)
rCold    . . .     Gourm    .   (no shield)
rNeg     . . .     Faith    .   b - +0 robe
rPois    .         Spirit   +   (no helmet)
rElec    .         Reflect  .   (no cloak)
rCorr    +         Harm     .   r - +0 pair of gloves
MR       .....                  (no boots)
Stlth    ++++......             (no amulet)
HPRegen  0.50/turn              p - ring of wizardry
MPRegen  0.12/turn              q - ring of resist corrosion

@: confusing touch, invisible
A: fangs 2, regeneration 1, magic shield, antimagic bite, no potion heal 3, rot
immunity
a: no special abilities


You were on level 4 of the Dungeon.
You were not hungry.

You visited 1 branch of the dungeon, and saw 4 of its levels.

You collected 146 gold pieces.

Inventory:

Hand Weapons
 l - a +2 dagger of draining (weapon)
Armour
 b - a +0 robe (worn)
 r - a +0 pair of gloves (worn)
Jewellery
 p - a ring of wizardry (left hand)
 q - a ring of resist corrosion (right hand)
Scrolls
 a - a scroll of remove curse {unknown}
 i - a scroll of fear {unknown}
 m - a scroll of teleportation {unknown}
 n - 3 scrolls of identify
Potions
 e - a potion of mutation {unknown}
 g - 2 potions of might
 k - 2 potions of cancellation {unknown}
 s - a potion of berserk rage {unknown}
Books
 c - a book of Maledictions

   Spells                             Type                      Level
   a - Corona                         Hexes                        1
   b - Ensorcelled Hibernation        Hexes/Ice                    2
   c - Confuse                        Hexes                        3
   d - Tukima's Dance                 Hexes                        3
   e - Dazzling Spray                 Conjuration/Hexes            3
 o - a book of Misfortune

   Spells                             Type                      Level
   a - Confusing Touch                Hexes                        1
   b - Confuse                        Hexes                        3
   c - Gell's Gravitas                Translocation                3
   d - Petrify                        Transmutation/Earth          4
   e - Metabolic Englaciation         Hexes/Ice                    5
   f - Yara's Violent Unravelling     Hexes/Transmutation          5
Comestibles
 d - 3 bread rations
 f - 4 chunks of flesh
 h - 4 meat rations
 t - a royal jelly


   Skills:
 + Level 4.6 Short Blades
 - Level 1.5 Dodging
 + Level 7.3 Stealth
 - Level 2.1 Spellcasting
 - Level 3.0 Hexes


You had 6 spell levels left.
You knew the following spells:

 Your Spells              Type           Power        Failure   Level  Hunger
a - Ensorcelled Hibernat  Hex/Ice        #.....       6%          2    ###....
b - Corona                Hex            ##.....      2%          1    #......
c - Confusing Touch       Hex            ##....       2%          1    #......


Dungeon Overview and Level Annotations

Branches:
Dungeon (4/15)
 Temple: D:4-7

Altars:
Hepliaklqana

Annotations:
D:4 Grinder


Innate Abilities, Weirdness & Mutations

You have extremely sharp teeth.
Your natural rate of healing is unusually fast.
When hurt, damage is shared between your health and your magic reserves.
Your bite disrupts and absorbs the magic of your enemies.
Potions cannot restore your health.
You are immune to rotting.


Message History

You resist with significant effort.
You barely miss Grinder.
Grinder is heavily wounded.
Grinder says, "Are you a fish?" Grinder hits you!
You writhe in agony.
You closely miss Grinder.
Grinder is heavily wounded.
Grinder barely misses you.
You closely miss Grinder.
Grinder is heavily wounded.
You hit Grinder but do no damage. You bite Grinder, but do no damage.
Grinder is heavily wounded.
Grinder hits you!
* * * LOW HITPOINT WARNING * * *
You writhe in agony.
* * * LOW HITPOINT WARNING * * *
You fade into invisibility!
Grinder gestures at you. Pain shoots through your body!
You die...

#
###############......#
'......†.............+
###.)..### #......# #
#†÷..########......# #
#..................#
###..................#
................5$...#
................@....#
...............#######
......##########
......# ....†.#
......# ......#
......# ......#


You could see Grinder.

Vanquished Creatures
  Sigmund (D:4)
  A scorpion (D:3)
  2 hounds (D:4)
  An iguana (D:4)
  A worker ant (D:4)
  5 adders
  An ooze (D:3)
  9 dart slugs
  2 orcs
  7 bats
  3 giant cockroaches
  4 goblins
  9 hobgoblins
  2 jackals (D:3)
  2 quokkas
  A ball python (D:4)
  4 frilled lizards
  7 kobolds
  10 rats
72 creatures vanquished.

Notes
Turn   | Place    | Note
-------+----------+-------------------------------------------
     0 | D:1      | wazuzu the Vine Stalker Enchanter began the quest for the Orb.
     0 | D:1      | Reached XP level 1. HP: 9/9 MP: 4/4
     4 | D:1      | Reached skill level 1 in Short Blades
    61 | D:1      | Reached skill level 4 in Stealth
    61 | D:1      | Reached XP level 2. HP: 5/13 MP: 3/6
   757 | D:1      | Reached XP level 3. HP: 16/16 MP: 7/7
  1158 | D:2      | Found a hazy altar of Hepliaklqana.
  1323 | D:2      | Gained mutation: Your natural rate of healing is unusually fast. [Vine Stalker growth]
  1323 | D:2      | Reached XP level 4. HP: 21/21 MP: 8/8
  1571 | D:2      | Reached skill level 5 in Stealth
  1684 | D:2      | Learned a level 2 spell: Ensorcelled Hibernation
  1686 | D:2      | Learned a level 1 spell: Confusing Touch
  1833 | D:3      | Reached XP level 5. HP: 9/24 MP: 2/9
  2606 | D:4      | Noticed Sigmund
  2621 | D:4      | Killed Sigmund
  2621 | D:4      | Reached skill level 6 in Stealth
  2621 | D:4      | Reached XP level 6. HP: 24/28 MP: 5/10
  2743 | D:4      | Reached skill level 7 in Stealth
  2799 | D:4      | Reached XP level 7. HP: 32/32 MP: 9/11
  2839 | D:4      | Noticed Grinder
  2882 | D:4      | Killed from afar by Grinder

Vault maps used:
D:1:      dpeg_arrival_tiny_i, grunt_decor_mini_mirrors, minmay_misc_feat_x
D:2:      marbit_many_paths, first_bread, minmay_misc_feat_diagonals
D:4:      nicolae_ru_path_of_blood, nrook_uturn, kennysheep_generic_room_13,
          uniq_edmund, uniq_sigmund, uniq_grinder

Skill      XL: |  1  2  3  4  5  6 |
---------------+-------------------+-----
Short Blades   | 1 2 3 4 |  4.6
Stealth        | 4 5 6 7 |  7.3
Dodging        | |  1.5
Spellcasting   | |  2.1
Hexes          | |  3.0

Action                   |  1- 3 |  4- 6 |  7- 9 || total
-------------------------+-------+-------+-------++-------
Melee: Dagger            |    94 |    93 |    25 ||   212
       Bite              |    21 |    21 |     2 ||    44
 Cast: Confusing Touch   |       |     1 |     1 ||     2
       Ensorcelled Hiber |       |     2 |       ||     2
  Use: Scroll            |     3 |       |       ||     3
       Potion            |       |     1 |     1 ||     2
 Stab: Sleeping          |     9 |    13 |       ||    22
  Eat: Chunk             |     1 |     5 |       ||     6
Armor: Robe              |    13 |    16 |       ||    29
       Skin              |       |     3 |     5 ||     8
Dodge: Dodged            |    44 |    41 |     2 ||    87
